Map: Ruinas de Endión

Players

Windows

  • Race: Zerg Zerg

xXkazperXx - Winner!

  • Race: Zerg Zerg
  • League: Bronze

VOD

Have the link to the VOD?

Description

Time

  • Played on: April 10, 2016, 4:57 p.m.
  • Length: 28:15
Show
View Real Time Build Order
Export as new Build Order

Windows Zerg 

Build Orders: Pool First 

Get SALT Encoding   

  12  0:01  Drone  
  13  0:12  Drone  
  14  0:18  Overlord  
  14  0:36  Drone  
  14  0:37  Drone x2  
  17  0:48  Drone  
  18  0:55  Spawning Pool  
  17  1:01  Extractor  
  16  1:12  Drone  
  16  1:16  Extractor  
  16  1:30  Hatchery  
  15  1:35  Drone x3  
  18  1:44  Queen  
  20  1:48  Drone  
  21  2:01  Drone  
  22  2:11  Overlord  
  22  2:31  Drone  
  22  2:32  Drone  
  24  2:47  Drone  
  25  2:58  Hatchery x2  
  23  3:04  Drone  
  24  3:06  Drone  
  24  3:07  Drone x2  
  27  3:19  Roach Warren  
  26  3:30  Drone x3  
  26  3:33  Drone  
  30  3:36  Extractor  
  30  3:37  Extractor  
  28  3:51  Drone  
  28  3:55  Drone x5  
  33  3:56  Drone  
  35  4:05  Drone  
  35  4:09  Overlord  
  36  4:13  Queen  
  38  4:18  Queen  
  40  4:26  Lair  
  40  4:42  Baneling Nest, Drone  
  40  4:45  Drone x5  
  44  4:50  Drone  
  44  4:51  Drone  
  47  5:03  Drone x3  
  47  5:05  Drone x2  
  52  5:17  Zergling x2  
  49  5:22  Roach x3  
  49  5:23  Roach  
  49  5:25  Overlord  
  49  5:26  Overlord  
  52  5:41  Overlord x4  
  51  5:58  Queen  
  51  6:02  Roach x5  
  51  6:03  Roach  
  57  6:17  Roach  
  57  6:18  Roach x4  
  43  6:41  Zergling x4  
  43  6:42  Zergling x10  
  41  6:59  Roach x3  
  43  7:07  Metabolic Boost  
  41  7:18  Queen  
  41  7:21  Roach  
  45  7:23  Zergling x2  
  45  7:27  Drone x2  
  48  7:52  Queen  
  48  7:55  Centrifical Hooks  
  48  7:57  Glial Reconstitution  
  50  8:10  Infestation Pit  
  49  8:13  Drone x2  
  51  8:26  Drone  
  52  8:27  Drone x3  
  52  8:28  Drone  
  56  8:57  Hatchery  
  55  9:05  Roach x6  
  67  9:15  Tunneling Claws  
  67  9:55  Roach x6  
  67  9:56  Roach x8  
  95  10:00  Overseer  
  95  10:03  Overseer  
  95  10:04  Overseer x2  
  95  10:05  Overseer  
  95  10:15  Hive  
  84  10:43  Pneumatized Carapace  
  84  10:56  Drone x3  
  87  11:12  Drone x4  
  87  11:13  Drone x2  
  87  11:14  Drone x2  
  95  11:26  Queen  
  87  12:10  Hatchery  
  86  12:21  Adrenal Glands  
  86  12:25  Burrow  
  83  12:50  Spore Crawler  
  80  12:52  Spore Crawler  
  80  12:53  Spore Crawler  
  80  12:54  Spore Crawler  
  80  12:55  Spore Crawler  
  72  13:00  Spore Crawler  
  72  13:04  Spore Crawler  
  72  13:05  Spore Crawler x3  
  67  13:06  Spore Crawler x2  
  67  13:09  Spore Crawler  
  61  13:22  Extractor  
  61  13:23  Queen  
  62  13:35  Queen  
  62  13:36  Overlord  
  62  13:38  Spire  
  63  13:57  Overseer  
  63  14:11  Queen  
  63  14:12  Drone  
  63  14:13  Drone x2  
  68  14:21  Drone  
  69  14:32  Drone  
  68  14:53  Spore Crawler, Mutalisk  
  68  15:36  Overlord  
  68  15:37  Overlord x3  
  68  15:39  Roach x18  
  28  16:34  Roach x3  
  28  16:35  Roach x4  
  5  17:39  Roach  
Show
View Real Time Build Order
Export as new Build Order

xXkazperXx Zerg - Winner!

Build Orders: Pool First, Lurkers 

Get SALT Encoding   

  12  0:01  Drone  
  13  0:08  Drone  
  14  0:17  Overlord  
  14  0:35  Spawning Pool  
  13  0:39  Drone  
  13  0:41  Drone  
  15  0:47  Drone  
  17  0:57  Drone  
  17  1:02  Drone  
  18  1:08  Extractor  
  17  1:21  Queen  
  17  1:24  Zergling x4  
  21  1:34  Drone  
  22  1:43  Roach Warren  
  22  1:45  Drone  
  22  1:53  Extractor  
  21  2:10  Zergling x2  
  21  2:11  Overlord  
  22  2:38  Drone x5  
  27  2:57  Roach  
  29  3:02  Lair  
  29  3:09  Spine Crawler  
  29  3:10  Roach  
  29  3:11  Overlord  
  30  3:38  Roach  
  30  3:39  Roach x2  
  38  3:55  Roach  
  38  3:56  Overlord  
  42  4:17  Roach x4, Spine Crawler  
  45  4:34  Drone  
  46  4:52  Hydralisk Den  
  44  5:39  Roach  
  44  5:40  Overlord x2  
  44  6:13  Roach x3  
  48  6:35  Roach x2  
  50  6:46  Burrow  
  34  7:27  Metabolic Boost  
  34  7:28  Tunneling Claws, Hatchery  
  33  7:33  Roach x3  
  39  7:57  Queen  
  41  8:13  Hydralisk x3  
  41  8:14  Hydralisk x2  
  51  8:40  Spire  
  50  8:49  Roach x6  
  50  8:50  Infestation Pit  
  49  9:00  Lurker Den  
  49  9:26  Zergling x6  
  49  9:27  Zergling x12  
  58  9:42  Overseer x2  
  58  9:47  Drone x2  
  60  10:01  Roach x9  
  60  10:25  Hydralisk x5  
  60  10:27  Roach x8  
  46  10:52  Lurker x3  
  46  10:53  Lurker x2  
  47  10:59  Mutalisk x5  
  57  11:09  Overlord  
  57  11:24  Extractor  
  48  11:41  Roach x6  
  44  11:57  Drone  
  44  11:58  Drone  
  46  12:17  Pneumatized Carapace  
  46  12:34  Mutalisk x3  
  50  13:27  Roach  
  50  13:28  Roach x6  
  64  13:48  Roach x2  
  60  14:21  Overlord x2  
  60  14:22  Overlord, Extractor  
  59  14:40  Roach x14  
  59  14:41  Roach  
  59  15:05  Mutalisk  
  59  15:06  Mutalisk x5  
  71  15:10  Roach x9  
  71  15:11  Roach x6  
  49  16:25  Hydralisk x2  
  49  16:26  Hydralisk  
  55  16:44  Drone  
  56  16:48  Drone x3  
  59  17:10  Roach x13  
  43  18:59  Roach  
  45  19:56  Drone  
  45  20:24  Drone  
  45  21:06  Overseer  
  45  21:29  Drone  
  45  21:35  Drone  
  45  22:45  Drone x2  
  45  22:46  Drone  
  45  23:49  Drone  
  45  23:50  Drone x2  
  45  24:52  Drone x3  
  45  25:20  Evolution Chamber  
  45  25:49  Drone x3  
  45  26:56  Hatchery  
  45  27:58  Drone x3  
Tags
 
Composition
Lurkers
League
Bronze
Matchup
ZvZ
Race
Zerg
Replay Pack
replays pack
Add a new tag
Caveats
  • Supply blocks, unpowered buildings, or Contaminate may cause inaccurate times.
  • Supply counts are checked every 10 seconds.